 Dungeon Crawl Stone Soup version 0.17.1-1-g73c8601 (webtiles) character file.

588 Holeefuk the Chopper (level 7, -5/61 HPs)
             Began as a Hill Orc Fighter on Dec 11, 2015.
             Slain by an ogre
             ... wielding a +0 giant spiked club
              (16 damage)
             ... on level 3 of the Dungeon.
             The game lasted 00:15:12 (2790 turns).

Holeefuk the Chopper (Hill Orc Fighter)             Turns: 2790, Time: 00:15:12

Health: -5/61      AC: 10    Str: 21    XL:     7   Next: 38%
Magic:  7/7        EV:  6    Int:  8    God:
Gold:   235        SH:  9    Dex: 10    Spells: 0 memorised, 6 levels left

rFire  . . .     SeeInvis .     a - +0 war axe
rCold  + . .     Clarity  .     w - +0 chain mail
rNeg   . . .     SustAt   .     c - +0 shield
rPois  .         Gourm    .     (no helmet)
rElec  .         Spirit   .     h - +0 cloak
rCorr  .         Warding  .     (no gloves)
rMut   .         Stasis   .     (no boots)
MR     .....                    l - amulet of rage
Stlth  ..........               (no ring)
                                p - ring of protection from cold

@: drained, not resistant to hostile enchantments, extremely unstealthy
A: no striking features
a: Evoke Berserk Rage


You were on level 3 of the Dungeon.
You were near starving.

You visited 1 branch of the dungeon, and saw 5 of its levels.
You also visited: Sewer.

You collected 235 gold pieces.

Inventory:

Hand Weapons
 a - a +0 war axe (weapon)
Armour
 c - a +0 shield (worn)
 h - a +0 cloak (worn)
 w - a +0 chain mail (worn)
Jewellery
 l - an amulet of rage (around neck)
 p - a ring of protection from cold (left hand)
Wands
 u - a wand of random effects (26)
Scrolls
 f - a scroll of random uselessness {unknown}
 g - 3 scrolls of teleportation {unknown}
 i - a scroll of recharging {unknown}
 j - a scroll of remove curse {unknown}
 k - a scroll of fear {unknown}
 m - 5 scrolls of identify {unknown}
 n - a scroll of noise {unknown}
 r - a scroll of amnesia {unknown}
 s - 2 scrolls of blinking {unknown}
 y - a scroll of fog {unknown}
 z - a scroll of enchant armour {unknown}
Potions
 b - a potion of magic {unknown}
 d - a potion of might
 o - 6 potions of agility {unknown}
 q - a potion of curing {unknown}
 v - a potion of ambrosia {unknown}
 x - a potion of lignification {unknown}
Comestibles
 e - 3 bread rations
 t - a beef jerky
 A - a royal jelly
 B - a meat ration


   Skills:
 - Level 5.0(4.7) Fighting
 - Level 6.4(6.0) Axes
 - Level 3.2(2.9) Armour
 + Level 4.4(4.0) Dodging
 - Level 3.2(2.9) Shields


You had 6 spell levels left.
You didn't know any spells.

Dungeon Overview and Level Annotations

Branches:
Dungeon (5/15)
 Temple: D:4-7

Altars:
Kikubaaqudgha
Qazlal

Annotations:
D:4 MetaCosm's ghost, novice TrMo


Message History

The orc shouts!
The orc hits you with a morningstar!
You completely miss the orc. The orc hits you with a morningstar!
You slash the orc!
You kill the orc!
The ogre hits you with a giant spiked club!
Things that are here:
a morningstar; an orc corpse MetaCosm's ghost screams, "There is no future for me!"
There is an open door here.
An adder skeleton comes into view.
The adder skeleton bites you but does no damage.
There is an escape hatch in the ceiling here.
The orc shouts!
The ogre hits you with a giant spiked club!!
* * * LOW HITPOINT WARNING * * *
The adder skeleton bites you but does no damage.
A mysterious force pulls you upwards. The hatch slams shut behind you.
The ogre hits you with a giant spiked club!
You die...

###...............#######
#.............### #...
#.............# #...
#.............######...
#......................
#.(......###...........
#........# #.........†.
#........# #........)..
#.....@..# #........)(.
#....O...# #........)..
#........# #...........
#........# #...........
########## #...........
#........... #........###
#........# ##########


You could see an ogre.

Vanquished Creatures
  2 giant frogs (Sewer)
  A jelly (D:5)
  An orc priest (D:3)
  2 hounds
  A worker ant (D:3)
  3 orc wizards
  4 adders
  15 oozes
  2 worms (D:2)
  13 giant geckos
  10 orcs
  8 bats
  11 giant cockroaches
  5 goblins
  9 hobgoblins
  8 jackals
  5 kobolds
  A quokka (D:2)
  8 ball pythons
  14 giant newts
  5 rats
128 creatures vanquished.

Vanquished Creatures (others)
  A giant frog skeleton (D:5)
  A giant gecko (D:5)
2 creatures vanquished.

Grand Total: 130 creatures vanquished

Notes
Turn   | Place    | Note
--------------------------------------------------------------
     0 | D:1      | Holeefuk the Hill Orc Fighter began the quest for the Orb.
     0 | D:1      | Reached XP level 1. HP: 19/19 MP: 1/1
   166 | D:1      | Reached XP level 2. HP: 26/26 MP: 2/2
   187 | D:1      | Reached skill level 4 in Axes
   368 | D:1      | Reached XP level 3. HP: 29/31 MP: 3/3
   602 | D:2      | Found a stormy altar of Qazlal.
   602 | D:2      | Found an ancient bone altar of Kikubaaqudgha.
   637 | D:2      | Reached skill level 5 in Axes
   709 | D:2      | Reached XP level 4. HP: 32/39 MP: 4/4
  1272 | D:3      | Reached skill level 6 in Axes
  1354 | D:3      | Found a glowing drain.
  1362 | Sewer    | Entered a sewer
  1393 | Sewer    | Reached XP level 5. HP: 37/46 MP: 5/5
  1648 | Sewer    | Reached skill level 5 in Fighting
  1820 | Sewer    | Reached skill level 1 in Dodging
  1848 | Sewer    | Reached XP level 6. HP: 44/56 MP: 6/6
  1850 | Sewer    | Noticed a giant frog
  1851 | Sewer    | Noticed a giant frog
  1853 | Sewer    | Killed a giant frog
  1861 | Sewer    | Killed a giant frog
  2038 | D:3      | Reached XP level 7. HP: 16/61 MP: 7/7
  2538 | D:5      | Entered Level 5 of the Dungeon
  2759 | D:4      | Noticed MetaCosm's ghost (novice TrMo)
  2790 | D:3      | Slain by an ogre

Action                   |  1- 3 |  4- 6 |  7- 9 || total
-------------------------+-------+-------+-------++-------
Melee: War axe           |    92 |   344 |    69 ||   505
  Eat: Chunk             |       |     4 |     2 ||     6
